AoeStats
← Barón de la Cerveza

Arabia

509687659Analyzed
1v1 RM · 5d ago on Sep 27, 2026· 93m 14s· 2 players
Game mode
Random Map
Map size
Tiny (2 player)
Population
200
Speed
Normal
Resources
Standard
Victory
Conquest
Starting age
Dark Age
Ending age
Imperial Age
RankedLock teamsTeams togetherTeam positionsShared explorationLock speedFull tech treeHidden civsTurbo modeCheats
Victory
Defeat
🇬🇧 Inca · United Kingdom
1728
+23
🇲🇽 Italians · Mexico
1891
-23
AkaP
9:16 Feudal Age
9:03 Loom
9:46 Double-Bit Axe
9:32 Champi Runner
12:00 Horse Collar
15:42 Fletching
17:45 Wheelbarrow
23:18 Castle Age
23:08 Scale Mail Armor
23:19 Forging
23:03 Gold Mining
23:45 Arson
24:00 Squires
23:48 Champi Warrior
25:30 Chain Mail Armor
29:39 Sanctity
34:13 Elite Skirmisher
35:23 Bodkin Arrow
37:23 Ballistics
37:14 Bow Saw
37:47 Padded Archer Armor
42:24 Imperial Age
40:53 Heavy Plow
41:19 Leather Archer Armor
40:50 Pikeman
41:05 Crossbowman
41:51 Thumb Ring
42:27 Town Watch
42:58 Hand Cart
43:52 Conscription
45:51 Chemistry
44:52 Bracer
48:40 Pikeman
51:08 Andean Sling
55:51 Crop Rotation
55:56 Ring Archer Armor
57:17 Plate Mail Armor
57:22 Iron Casting
56:40 Halberdier
60:59 Blast Furnace
73:24 Masonry
74:45 Murder Holes
75:11 Elite Champi Warrior
81:13 Siege Engineers
86:25 Guilds
Barón de la Cerveza
5:32 Loom
8:24 Feudal Age
9:05 Double-Bit Axe
10:48 Horse Collar
17:22 Fletching
23:02 Castle Age
21:15 Padded Archer Armor
22:50 Bloodlines
23:10 Elite Skirmisher
23:51 Bodkin Arrow
24:10 Bow Saw
27:21 Gold Mining
28:03 Ballistics
29:23 Thumb Ring
36:30 Wheelbarrow
38:53 Imperial Age
37:11 Scale Mail Armor
38:31 Squires
38:47 Chain Mail Armor
39:46 Bracer
42:07 Plate Mail Armor
43:49 Forging
45:49 Chemistry
47:22 Conscription
47:14 Pirotechnia
47:08 Stone Mining
48:23 Two-Man Saw
48:08 Town Watch
48:31 Heavy Plow
51:39 Hoardings
53:41 Scale Barding Armor
54:52 Chain Barding Armor
54:12 Light Cavalry
54:52 Husbandry
55:45 Masonry
57:26 Plate Barding Armor
59:18 Iron Casting
58:35 Hussar
68:26 Architecture
78:31 Hand Cart
Connection lost

Rejoining the realm…

Still unreachable

The connection could not be restored.

Session expired

The server has moved on; the page needs a fresh start.